 Dungeon Crawl Stone Soup version 0.26-a0-466-g989023bd0d (webtiles) character file.

Game seed: 16291134036903804738

283655 Apogee the Warrior (level 19, -6/185 HPs)
             Began as a Minotaur Hunter on Aug 5, 2020.
             Was a High Priest of Okawaru.
             Splashed by an acid blob's acid (12 damage)
             ... on level 5 of the Pits of Slime.
             The game lasted 01:44:37 (62373 turns).

Apogee the Warrior (Minotaur Hunter)               Turns: 62373, Time: 01:44:38

Health: -6/185     AC:  5    Str: 27    XL:     19   Next: 76%
Magic:  20/20      EV: 17    Int:  8    God:    Okawaru [*****.]
Gold:   4238       SH:  0    Dex: 11    Spells: 18/18 levels left

rFire    . . .     SeeInvis +   a - +2 longbow (flame)
rCold    + + .     Faith    .   (shield currently unavailable)
rNeg     . . .     Spirit   .   Z - +3 plate armour
rPois    +         Reflect  .   c - +2 hat
rElec    +         Harm     .   K - +1 cloak of Starlight {rElec rC+ EV+4 Stlth--}
rCorr    .                      T - +1 pair of gloves "Ypixast" {rPois Str+2 Stlth-}
MR       +....                  S - +1 pair of boots
Stlth    ..........             (no amulet)
HPRegen  0.40/turn              o - ring of protection from cold
MPRegen  0.17/turn              z - ring of see invisible

@: confused, marked, corroded, invisible
A: retaliatory headbutt, horns 2, slimy green scales 1, deformed body, low mp 1,
no potion heal 1
}: 2/15 runes: decaying, serpentine
a: Heroism, Finesse, Renounce Religion


You were on level 5 of the Pits of Slime.
You worshipped Okawaru.
Okawaru was extremely pleased with you.
You visited 7 branches of the dungeon, and saw 38 of its levels.
You visited the Abyss 1 time.
You also visited: Bailey.

You collected 5368 gold pieces.
You spent 1130 gold pieces at shops.

Inventory:

Hand Weapons
 a - a +2 longbow of flaming (weapon)
   (Okawaru gifted it to you on level 4 of the Snake Pit)
 b - the +10 falchion "Guwniys" {speed, rN+ MP-9 Int+6 Stlth+}
   (You found it on level 3 of the Lair of Beasts)

   Attacks with this weapon are significantly faster.
   It affects your intelligence (+6).
   It protects you from negative energy.
   It affects your magic capacity (-9).
   It makes you more stealthy.
Missiles
 g - 1029 arrows (quivered)
Armour
 c - a +2 hat (worn)
   (You found it on level 4 of the Swamp)
 K - the +1 cloak of Starlight (worn) {rElec rC+ EV+4 Stlth--}
   (Okawaru gifted it to you on level 2 of the Snake Pit)

   It affects your evasion (+4).
   It protects you from cold.
   It insulates you from electricity.
   It makes you much less stealthy.
 L - a scarf of repulsion
   (Okawaru gifted it to you on level 3 of the Swamp)
 S - a +1 pair of boots (worn)
   (You found it on level 9 of the Dungeon)
 T - the +1 pair of gloves "Ypixast" (worn) {rPois Str+2 Stlth-}
   (You found it on level 1 of the Lair of Beasts)

   It affects your strength (+2).
   It protects you from poison.
   It makes you less stealthy.
 Z - a +3 plate armour (worn)
   (You found it on level 11 of the Dungeon)
Jewellery
 f - an uncursed ring of positive energy
   (You found it on level 2 of the Lair of Beasts)
 i - an uncursed ring of protection from fire
   (You found it on level 2 of the Dungeon)
 l - an uncursed ring of protection from magic
   (You found it on level 1 of the Lair of Beasts)
 m - an uncursed ring of poison resistance
   (You took it off a hobgoblin on level 2 of the Dungeon)
 o - a ring of protection from cold (left hand)
   (You found it on level 15 of the Dungeon)
 t - an uncursed ring of ice
   (You found it on level 1 of the Swamp)
 y - the ring "Wym Zist" {Int+4 Dex+4 Stlth+}
   (You found it on level 13 of the Dungeon)

   [ring of stealth]

   It affects your intelligence (+4).
   It affects your dexterity (+4).
   It makes you more stealthy.
 z - a ring of see invisible (right hand)
   (You found it on level 2 of the Lair of Beasts)
 C - an uncursed ring of protection from cold
   (You found it on level 1 of the Snake Pit)
Wands
 h - a wand of clouds (3)
   (You found it on level 2 of the Swamp)
 v - a wand of digging (9)
   (You took it off Ijyb on level 5 of the Dungeon)
 x - a wand of acid (3)
   (You found it on level 4 of the Swamp)
Scrolls
 d - 9 scrolls of immolation {!r}
 k - 12 scrolls of fear
 n - 8 scrolls of enchant armour
 p - a scroll of fog
 w - a scroll of magic mapping
 A - 5 scrolls of teleportation {@r4}
 E - 5 scrolls of blinking
 I - 13 scrolls of remove curse {@r2}
 O - 10 scrolls of enchant weapon
 P - a scroll of brand weapon
 Y - 7 scrolls of identify {@r1}
Potions
 j - 3 potions of heal wounds {@q2}
 q - 4 potions of haste {@q3}
 r - 14 potions of curing {@q1}
 s - 5 potions of lignification {!q}
 D - 4 potions of cancellation
 F - 6 potions of flight
 M - 4 potions of might
 Q - 4 potions of berserk rage
 W - 2 potions of invisibility
Miscellaneous
 R - a tin of tremorstones (3/3)
   (You found it on level 2 of the Lair of Beasts)


   Skills:
 - Level 20.0 Fighting
 + Level 16.8 Long Blades
 - Level 20.0 Bows
 - Level 20.0 Armour
 + Level 10.2 Dodging
 - Level 0.7 Stealth
 - Level 6.0 Invocations
 - Level 4.0 Evocations


You had 18 spell levels left.
You didn't know any spells.
Your spell library contained the following spells:

 Spells                   Type           Power        Failure   Level
 Animate Skeleton         Necr           #.....       90%         1
 Apportation              Tloc           #.....       90%         1
 Beastly Appendage        Tmut           #.....       90%         1
 Corona                   Hex            #......      90%         1
 Foxfire                  Conj/Fire      #...         90%         1
 Pain                     Necr           #...         90%         1
 Summon Small Mammal      Summ           #...         90%         1
 Wereblood                Tmut           #.......     97%         2
 Confusing Touch          Hex            #.......     99%         3
 Gell's Gravitas          Tloc           #.........   99%         3
 Ignite Poison            Fire/Tmut/Pois #.......     99%         3
 Inner Flame              Hex/Fire       #.......     99%         3
 Lesser Beckoning         Tloc           #.........   99%         3
 Spider Form              Tmut/Pois      #.........   99%         3
 Tukima's Dance           Hex            #.......     99%         3
 Vampiric Draining        Necr           #.........   99%         3
 Ice Form                 Ice/Tmut       #.......     100%        4
 Petrify                  Tmut/Erth      #.......     100%        4
 Alistair's Intoxication  Tmut/Pois      #........    100%        5
 Blade Hands              Tmut           #.........   100%        5
 Bolt of Magma            Conj/Fire/Erth #.........   100%        5
 Excruciating Wounds      Necr           #.........   100%        5
 Iskenderun's Battlesphe  Conj           #.......     100%        5
 Metabolic Englaciation   Hex/Ice        #.........   100%        5
 Yara's Violent Unravell  Hex/Tmut       #.........   100%        5
 Death Channel            Necr           #.........   100%        6
 Invisibility             Hex            #.......     100%        6
 Iron Shot                Conj/Erth      #.........   100%        6
 Orb of Destruction       Conj           #.........   100%        7
 Spellforged Servitor     Conj/Summ      #.........   100%        7
 Ignition                 Fire           #.........   100%        8


Dungeon Overview and Level Annotations

Branches:
Dungeon (15/15)            Temple (0/1) D:4            Lair (6/6) D:8
  Swamp (4/4) Lair:4        Snake (4/4) Lair:2        Slime (5/5) Lair:6
    Orc (2/2) D:9             Elf (2/3) Orc:2        Vaults (0/5) D:13
 Depths (0/5) D:15         Bailey (visited)

Altars:
Cheibriados
Elyvilon
Gozag
Okawaru
Qazlal
Sif Muna
Uskayaw
Vehumet
Xom
Beogh

Shops:
D:5 *   D:8 ((?=   D:11 [   Orc:2 *[(:=   Snake:1 ?

Annotations:
D:13 3 runed translucent doors, Asimnicu's ghost, journeyman DrCj
Lair:5 1 runed translucent door, drasked's ghost, journeyman HaHu
Snake:3 Mara
Slime:5 4 exclusions, Royal Jelly


Innate Abilities, Weirdness & Mutations

You reflexively headbutt those who attack you in melee.
You have a pair of horns on your head.
You are partially covered in slimy green scales. (AC +2)
Armour fits poorly on your strangely shaped body.
Your magical capacity is low. (-10% MP)
Potions are less effective at restoring your health.


Message History

The acid blob spits acid at you. The splash of acid hits you.
You are splashed with acid!
* * * LOW HITPOINT WARNING * * *
The acid blob spits acid at you. The splash of acid hits you!
* * * LOW HITPOINT WARNING * * *
The acid corrodes you!
You are splashed with acid!
* * * LOW HITPOINT WARNING * * *
The golden eye blinks!
The acid blob closely misses you.
Unknown command.
You closely miss the acid blob.
You headbutt the acid blob, but do no damage.
The Royal Jelly barely misses you. The Royal Jelly hits you!
* * * LOW HITPOINT WARNING * * *
You are splashed with acid.
* * * LOW HITPOINT WARNING * * *
The acid blob hits you.
* * * LOW HITPOINT WARNING * * *
You are splashed with acid.
* * * LOW HITPOINT WARNING * * *
The golden eye blinks at you.
You easily resist.
The Royal Jelly hits you.
* * * LOW HITPOINT WARNING * * *
You are splashed with acid!
* * * LOW HITPOINT WARNING * * *
The Royal Jelly barely misses you. The acid blob barely misses you.
The acid blob completely misses you. The golden eye blinks at you.
You are more confused.
Unknown command.
Unknown command.
Unknown command.
The golden eye turns its gaze towards you.
The golden eye blinks!
The acid blob spits acid at you. The splash of acid hits you!
* * * LOW HITPOINT WARNING * * *
You are splashed with acid!
* * * LOW HITPOINT WARNING * * *
The golden eye blinks at you. You resist with some effort.
The acid blob misses you.
Unknown command.
You fade into invisibility!
The golden eye blinks at you.
You are more confused.
The acid blob spits acid at you. The splash of acid hits you!
* * * LOW HITPOINT WARNING * * *
The acid corrodes you!
You are splashed with acid!
You die...

...........................,,***
...........................,,,,*
...........................,,,**
...........................,,,*
....................G......,,,*
............................,,*
.[...........................,*
.................JJ..........**
................@GJ..........**
.................J...........,***
.................J...........,,,*
.............................,,,,
.............................,<,,
.........#....##.............,,,,
.......####.#####.....((.....,,,,
.....###,*#..#*,##...........,,,,
.....#*,,,##.#,,,###(((......,,,,


You could see the Royal Jelly, 4 acid blobs and 2 golden eyes.

Vanquished Creatures
  Saint Roka (Snake:4)
  Jorgrun (Snake:2)
  Asterion (Snake:2)
  14 acid blobs
  Roxanne (Swamp:4)
  6 thorn hunters
  5 azure jellies
  12 nagarajas
  Louise (Swamp:2)
  A deep elf sorcerer (Elf:1)
  Aizul (Snake:1)
  Azrael (D:13)
  A deep elf death mage (Elf:1)
  A fire dragon (Lair:6)
  2 great orbs of eyes
  8 vault guards
  26 naga warriors
  6 centaur warriors
  Erica (D:11)
  22 hydras
  4 shambling mangroves
  7 anacondas
  5 two-headed ogres
  A death knight (D:15)
  10 death yaks
  10 alligators
  2 dancing weapons (Elf:2)
  4 shock serpents
  16 naga sharpshooters
  4 deep elf knights
  Sonja (Lair:2)
  Nergalle (Lair:3)
  A wretched star (Abyss:2)
  3 salamander mystics
  A fire crab (shapeshifter) (D:13)
  2 skeletal warriors (D:15)
  A flayed ghost (D:15)
  2 unseen horrors
  A spriggan druid (Swamp:2)
  17 swamp dragons
  A glowing orange brain (Slime:5)
  Pikel (D:8)
  3 necromancers
  9 naga ritualists
  5 deep elf archers
  A wolf spider zombie (D:15)
  An iron dragon zombie (D:15)
  2 ugly things
  14 deep elf magi
  9 mana vipers
  3 orc knights
  An orc sorcerer (D:14)
  4 shining eyes
  A wolf spider (Lair:6)
  3 manticores
  A faun (shapeshifter) (D:13)
  18 salamanders
  An oklob plant (Orc:2)
  3 cyclopes
  33 black mambas
  3 large abominations (Elf:1)
  10 guardian serpents
  Joseph (D:8)
  22 naga magi
  20 cane toads
  2 eyes of devastation
  4 centaur skeletons
  A kobold demonologist (Bailey)
  4 rime drakes
  2 freezing wraiths (D:15)
  A spriggan skeleton (D:15)
  6 komodo dragons
  A queen bee (D:14)
  A polar bear (Lair:5)
  A meliai (shapeshifter) (Elf:2)
  3 meliai (D:14)
  6 trolls
  A wind drake (shapeshifter) (D:14)
  3 raiju (Abyss:2)
  13 hornets
  22 blink frogs
  8 tyrant leeches
  16 bog bodies
  88 slime creatures
  2 ice dragon zombies (D:15)
  7 hippogriffs
  A shadow (Swamp:3)
  A wraith (D:15)
  2 redbacks (Lair:6)
  7 spriggans
  Sigmund (D:2)
  13 wyverns
  Eustachio (D:5)
  34 yaks
  3 fire elementals (D:13)
  4 basilisks
  3 steam dragons (Lair:6)
  3 golden eyes (Slime:5)
  29 vampire mosquitoes
  24 swamp worms
  7 wargs
  91 nagas
  3 acid dragons
  24 water moccasins
  4 hell hounds (D:13)
  5 porcupines
  2 sky beasts
  26 swamp drakes
  38 orc warriors
  2 black bears
  An ice beast (D:9)
  7 wolves
  3 phantoms
  3 eyes of draining
  7 ogres
  2 necrophages
  23 centaurs
  A lemure (Lair:1)
  6 crocodiles
  3 elf zombies (Elf:1)
  21 bullfrogs
  A big kobold (D:13)
  A gnoll sergeant (D:7)
  3 earth elementals
  4 scorpions
  30 killer bees
  11 wights
  2 howler monkeys
  4 bullfrog zombies
  2 quasits
  15 hounds
  Crazy Yiuf (D:5)
  9 orc priests
  2 bullfrog skeletons
  4 centaur zombies
  2 jellies
  20 orc wizards
  Ijyb (D:5)
  Terence (D:3)
  11 iguanas
  8 worker ants
  3 hell rats (D:7)
  A small abomination (Abyss:2)
  2 hound zombies
  A worker ant zombie (D:5)
  Robin (D:4)
  15 gnolls
  17 adders
  4 river rats (D:7)
  3 shadow imps
  2 white imps
  2 ufetubi
  6 oozes
  An adder skeleton (D:9)
  4 worms
  2 dart slugs
  5 leopard geckos
  75 orcs
  6 bats
  16 giant cockroaches
  12 hobgoblins
  11 jackals
  2 quokkas
  10 frilled lizards
  19 goblins
  7 kobolds
  A leopard gecko zombie (D:3)
  2 quokka skeletons
  21 rats
  2 plants (Lair:6)
1357 creatures vanquished.

Vanquished Creatures (collateral kills)
  A deep elf knight (Elf:1)
  A deep elf mage (Elf:1)
  A warg (Snake:4)
3 creatures vanquished.

Vanquished Creatures (others)
  An alligator (Swamp:2)
  2 kobolds (D:13)
  27 fungi
  44 plants
  2 withered plants (D:15)
76 creatures vanquished.

Grand Total: 1436 creatures vanquished

Notes
Turn   | Place    | Note
-------+----------+-------------------------------------------
     0 | D:1      | Apogee the Minotaur Hunter began the quest for the Orb.
     0 | D:1      | Reached XP level 1. HP: 18/18 MP: 0/0
   291 | D:1      | Reached XP level 2. HP: 26/26 MP: 1/1
   767 | D:2      | Found a faded altar of an unknown god.
   888 | D:2      | Reached XP level 3. HP: 33/33 MP: 2/2
   896 | D:2      | Noticed Sigmund
  1177 | D:2      | Found an opulent altar of Gozag.
  1177 | D:2      | Found a shimmering blue altar of Sif Muna.
  1178 | D:2      | Found an iron altar of Okawaru.
  1178 | D:2      | Found a stormy altar of Qazlal.
  1205 | D:2      | Reached skill level 5 in Fighting
  1425 | D:2      | Reached XP level 4. HP: 38/42 MP: 3/3
  1450 | D:2      | Became a worshipper of Warmaster Okawaru
  1758 | D:2      | Killed Sigmund
  1758 | D:2      | Reached * piety under Okawaru
  1758 | D:2      | Reached skill level 5 in Bows
  1758 | D:2      | Reached XP level 5. HP: 30/50 MP: 4/4
  2075 | D:2      | Reached XP level 6. HP: 53/57 MP: 5/5
  2273 | D:3      | Noticed Terence
  2296 | D:3      | Killed Terence
  3058 | D:4      | Noticed Robin
  3068 | D:4      | Reached XP level 7. HP: 59/66 MP: 6/6
  3078 | D:4      | Killed Robin
  3443 | D:4      | Reached ** piety under Okawaru
  3701 | D:4      | Found a hide-covered altar of Uskayaw.
  3706 | D:4      | Found a staircase to the Ecumenical Temple.
  3845 | D:5      | Entered Level 5 of the Dungeon
  3874 | D:5      | Noticed Ijyb
  3888 | D:5      | Killed Ijyb
  3888 | D:5      | Reached XP level 8. HP: 74/75 MP: 7/7
  4000 | D:5      | Noticed Eustachio
  4007 | D:5      | Killed Eustachio
  4007 | D:5      | Reached skill level 1 in Invocations
  4313 | D:5      | Found a runed translucent door.
  4314 | D:5      | Noticed Crazy Yiuf
  4510 | D:5      | Found Diofageh's General Store.
  4688 | D:5      | Killed Crazy Yiuf
  5262 | D:6      | Reached *** piety under Okawaru
  5747 | D:6      | Reached skill level 10 in Fighting
  5885 | D:7      | Reached XP level 9. HP: 45/85 MP: 9/11
  6448 | D:7      | Found a flagged portal.
  6467 | Bailey   | Entered a bailey
  6676 | Bailey   | Found an iron altar of Okawaru.
  6676 | Bailey   | Noticed a kobold demonologist
  6676 | Bailey   | Noticed a kobold demonologist
  6688 | Bailey   | Killed a kobold demonologist
  6688 | Bailey   | Reached skill level 10 in Bows
  6691 | Bailey   | Noticed a hellwing
  6700 | Bailey   | Noticed an orange demon
  6714 | Bailey   | Noticed an orange demon
  7816 | D:7      | Reached **** piety under Okawaru
  8084 | D:7      | Found a radiant altar of Vehumet.
  8771 | D:7      | Found the +2 ratskin cloak {+Rats rPois rN+ Str-1 Int-1
                  | Dex+1}
  8891 | D:8      | Noticed Joseph
  9086 | D:8      | Killed Joseph
  9086 | D:8      | Reached skill level 1 in Evocations
  9086 | D:8      | Reached XP level 10. HP: 87/97 MP: 12/12
  9148 | D:8      | Received a gift from Okawaru
  9188 | D:8      | Found Raoq's Weapon Shoppe.
  9195 | D:8      | Noticed Pikel
  9640 | D:8      | Found Tohoteab's Weapon Emporium.
  9672 | D:8      | Found Muffecy's Magic Scroll Shoppe.
  9691 | D:8      | Found Ucrepsir's Jewellery Shoppe.
  9704 | D:8      | Bought a scroll of identify for 26 gold pieces
 10148 | D:8      | Found a staircase to the Lair.
 10257 | D:8      | Noticed a white ugly thing
 10386 | Lair:1   | Entered Level 1 of the Lair of Beasts
 10541 | Lair:1   | Reached skill level 1 in Armour
 10947 | Lair:1   | Reached ***** piety under Okawaru
 11342 | Lair:1   | You fall into a shaft and drop 1 floor!
 11358 | Lair:2   | Noticed Sonja
 11377 | Lair:2   | Killed Sonja
 11377 | Lair:2   | Received a gift from Okawaru
 11720 | Lair:1   | Noticed a four-headed hydra
 11724 | Lair:1   | Killed a four-headed hydra
 11724 | Lair:1   | Reached skill level 5 in Armour
 11878 | Lair:1   | Got a pair of crude gloves
 11991 | Lair:1   | Identified the +1 pair of gloves "Ypixast" {rPois Str+2
                  | Stlth-} (You found it on level 1 of the Lair of Beasts)
 12166 | Lair:2   | Reached XP level 11. HP: 99/106 MP: 13/13
 12300 | Lair:2   | Found a staircase to the Snake Pit.
 13573 | Lair:3   | Reached skill level 5 in Invocations
 14192 | Lair:3   | Got a fine falchion
 14201 | Lair:3   | Received a gift from Okawaru
 14245 | Lair:3   | Noticed Nergalle
 14250 | Lair:3   | Killed Nergalle
 14320 | Lair:3   | Noticed a seven-headed hydra
 14330 | Lair:3   | Killed a seven-headed hydra
 14623 | Lair:3   | Reached ****** piety under Okawaru
 15055 | D:8      | Killed Pikel
 15128 | D:8      | Killed a white ugly thing
 15790 | D:9      | Reached XP level 12. HP: 114/116 MP: 15/15
 15805 | D:9      | Found a staircase to the Orcish Mines.
 15885 | D:9      | Found a white marble altar of Elyvilon.
 16145 | D:10     | Entered Level 10 of the Dungeon
 16450 | D:10     | Reached skill level 10 in Armour
 16866 | D:10     | Noticed a two-headed ogre
 16873 | D:10     | Killed a two-headed ogre
 17062 | D:11     | Found Siawkac's Antique Armour Shop.
 17352 | D:11     | Noticed a two-headed ogre
 17365 | D:11     | Killed a two-headed ogre
 17365 | D:11     | Received a gift from Okawaru
 17601 | D:11     | Noticed a two-headed ogre
 17605 | D:11     | Killed a two-headed ogre
 17647 | D:11     | Received a gift from Okawaru
 18089 | D:11     | Noticed Erica
 18096 | D:11     | Killed Erica
 18096 | D:11     | Received a gift from Okawaru
 18418 | D:11     | Identified the +10 falchion "Guwniys" {speed, rN+ MP-9
                  | Int+6 Stlth+} (You found it on level 3 of the Lair of
                  | Beasts)
 18442 | D:11     | Got a warped tin ring
 18764 | D:12     | Noticed an eight-headed hydra
 18775 | D:11     | Killed an eight-headed hydra
 18775 | D:11     | Reached skill level 1 in Long Blades
 19105 | D:12     | Got a pitted plate armour
 19116 | D:12     | Identified the cursed +0 plate armour of Tomorrow {*Slow
                  | rF+ MR+ rCorr} (You found it on level 12 of the Dungeon)
 19132 | D:11     | Identified the ring of Zairph {*Corrode EV+4 Int+4 Stlth+}
                  | (You found it on level 11 of the Dungeon)
 20102 | D:13     | Reached XP level 13. HP: 117/123 MP: 7/16
 20147 | D:13     | Found a gate to the Vaults.
 20345 | D:12     | Reached skill level 15 in Fighting
 20355 | D:12     | Received a gift from Okawaru
 21121 | D:13     | Identified the ring "Wym Zist" {Int+4 Dex+4 Stlth+}
 21126 | D:13     | Reached skill level 5 in Long Blades
 21199 | D:13     | Received a gift from Okawaru
 21645 | D:13     | Found a runed translucent gate.
 21645 | D:13     | Found a runed translucent gate.
 21975 | D:13     | Received a gift from Okawaru
 22172 | D:13     | Found a runed translucent gate.
 22175 | D:13     | Noticed Asimnicu's ghost (journeyman DrCj)
 22300 | D:13     | Noticed Azrael
 22318 | D:13     | Killed Azrael
 22318 | D:13     | Received a gift from Okawaru
 22345 | D:13     | Got a crude longbow {god gift}
 22346 | D:13     | Identified the +0 longbow "Plog" {venom, Int+3} (Okawaru
                  | gifted it to you on level 13 of the Dungeon)
 23460 | D:14     | Received a gift from Okawaru
 23771 | D:14     | Found a snail-covered altar of Cheibriados.
 24027 | D:15     | Entered Level 15 of the Dungeon
 24029 | D:15     | Found a staircase to the Depths.
 24173 | D:14     | Reached XP level 14. HP: 113/135 MP: 8/17
 26506 | D:15     | Received a gift from Okawaru
 27033 | Lair:4   | Received a gift from Okawaru
 27595 | Lair:4   | Reached skill level 10 in Long Blades
 27718 | Lair:4   | Found a staircase to the Swamp.
 28036 | Lair:4   | Reached skill level 15 in Armour
 28577 | Lair:5   | Received a gift from Okawaru
 29399 | Lair:5   | Found a runed translucent door.
 29399 | Lair:5   | Found a shimmering altar of Xom.
 29399 | Lair:5   | Noticed drasked's ghost (journeyman HaHu)
 29740 | Lair:6   | Entered Level 6 of the Lair of Beasts
 30030 | Lair:6   | Received a gift from Okawaru
 30153 | Lair:6   | Reached XP level 15. HP: 119/147 MP: 9/18
 30998 | Lair:6   | Identified Fumuvil's Guide on Toxic Ignition
 31310 | Lair:6   | Found a staircase to the Slime Pits.
 31456 | Lair:6   | Paralysed by a hornet for 2 turns
 32983 | Orc:1    | Entered Level 1 of the Orcish Mines
 33050 | Orc:1    | Found a roughly hewn altar of Beogh.
 33160 | Orc:2    | Entered Level 2 of the Orcish Mines
 33432 | Orc:2    | Found Zidob's General Store.
 33939 | Orc:2    | Found a staircase to the Elven Halls.
 33940 | Orc:2    | Found Ogecw's Jewellery Shop.
 34664 | Orc:2    | Received a gift from Okawaru
 35134 | Orc:2    | Found Dugyott's Antique Weapon Shoppe.
 35134 | Orc:2    | Found Hemoh's Antique Armour Shop.
 35136 | Orc:2    | Found Deunet's Armour Boutique.
 35138 | Orc:2    | Found Bemeh's Book Emporium.
 35142 | Orc:2    | Bought a transparent short sword for 272 gold pieces
 35186 | Orc:2    | Identified the +1 short sword of Jikhorgh {drain, rElec rC-
                  | Dex+3} (You bought it in a shop on level 2 of the Orcish
                  | Mines)
 35221 | Elf:1    | Entered Level 1 of the Elven Halls
 35393 | Elf:1    | Received a gift from Okawaru
 35474 | Elf:1    | Identified the Almanac of Evil
 35874 | Elf:1    | You fall into a shaft and drop 1 floor!
 35877 | Elf:2    | Noticed a deep elf sorcerer
 37479 | Elf:1    | Cast into level 2 of the Abyss (a deep elf sorcerer)
 37518 | Abyss:2  | Reached XP level 16. HP: 159/159 MP: 10/19
 37592 | Elf:1    | Escaped the Abyss
 38160 | Swamp:1  | Entered Level 1 of the Swamp
 38551 | Swamp:2  | You fall into a shaft and drop 1 floor!
 38559 | Swamp:3  | Received a gift from Okawaru
 39470 | Swamp:4  | Entered Level 4 of the Swamp
 39746 | Swamp:4  | Noticed Roxanne
 39768 | Swamp:4  | Killed Roxanne
 39943 | Swamp:4  | Reached skill level 15 in Bows
 40771 | Swamp:4  | Got a pair of crude gloves
 41020 | Swamp:4  | Received a gift from Okawaru
 41344 | Swamp:4  | Noticed a thorn hunter
 41363 | Swamp:4  | Killed a thorn hunter
 41698 | Swamp:4  | Noticed a thorn hunter
 41744 | Swamp:4  | Killed a thorn hunter
 42028 | Swamp:4  | Got a decaying rune of Zot
 42718 | Swamp:3  | Noticed a thorn hunter
 42738 | Swamp:3  | Killed a thorn hunter
 43254 | Swamp:2  | Noticed a thorn hunter
 43262 | Swamp:3  | Killed a thorn hunter
 43510 | Swamp:2  | Reached XP level 17. HP: 158/169 MP: 11/20
 43615 | Swamp:2  | Identified the +1 pair of gloves of the Goldsmith {-Cast
                  | rC- Regen+ SInv} (You found it on level 4 of the Swamp)
 43645 | Swamp:2  | Got a translucent spear
 44532 | Swamp:2  | Received a gift from Okawaru
 44734 | Swamp:2  | Noticed Louise
 44752 | Swamp:2  | Killed Louise
 45205 | Swamp:1  | Received a gift from Okawaru
 46037 | Snake:1  | Entered Level 1 of the Snake Pit
 46071 | Lair:2   | Received a gift from Okawaru
 46078 | Lair:2   | Got an ancient triple sword {god gift}
 46079 | Lair:2   | Identified the +2 triple sword of Watchfulness {freeze,
                  | *Rage rElec rPois} (Okawaru gifted it to you on level 2 of
                  | the Lair of Beasts)
 47041 | Snake:1  | Found Winupea's Magic Scroll Shoppe.
 47054 | Snake:1  | Bought a scroll of acquirement for 832 gold pieces
 47054 | Snake:1  | Acquired 2030 gold pieces
 48383 | Snake:2  | Noticed Aizul
 48414 | Snake:1  | Killed Aizul
 48619 | Snake:2  | Noticed Jorgrun
 48643 | Snake:2  | Killed Jorgrun
 48643 | Snake:2  | Received a gift from Okawaru
 48644 | Snake:2  | Found the +1 cloak of Starlight {rElec rC+ EV+4 Stlth--}
 48883 | Snake:2  | Got an ichor-stained mace
 50086 | Snake:2  | Noticed Asterion
 50105 | Snake:2  | Killed Asterion
 50584 | Snake:2  | Reached XP level 18. HP: 178/178 MP: 21/21
 52144 | Snake:3  | Received a gift from Okawaru
 52324 | Snake:3  | Noticed Mara
 52933 | Snake:4  | Entered Level 4 of the Snake Pit
 53411 | Snake:4  | Noticed Saint Roka
 53481 | Snake:4  | Killed Saint Roka
 53494 | Snake:4  | Received a gift from Okawaru
 55545 | Snake:4  | Got a fading scimitar
 55546 | Snake:4  | Identified the +9 scimitar "Estovo" {flame, MR+ Int+4
                  | Stlth+} (You found it on level 4 of the Snake Pit)
 55951 | Snake:4  | Received a gift from Okawaru
 57222 | Snake:4  | Reached skill level 5 in Dodging
 57224 | Snake:4  | Received a gift from Okawaru
 57300 | Snake:4  | Reached XP level 19. HP: 166/185 MP: 22/22
 57647 | Snake:4  | Reached skill level 15 in Long Blades
 57681 | Snake:4  | Got a serpentine rune of Zot
 57931 | Slime:1  | Entered Level 1 of the Pits of Slime
 58971 | Slime:1  | Gained mutation: You occasionally shout uncontrollably at
                  | your foes. [a shining eye]
 58974 | Slime:1  | Lost mutation: You occasionally shout uncontrollably at
                  | your foes. [potion of mutation]
 58974 | Slime:1  | Gained mutation: Potions are less effective at restoring
                  | your health. [potion of mutation]
 58974 | Slime:1  | Gained mutation: Your magical capacity is low. (-10% MP)
                  | [potion of mutation]
 58974 | Slime:1  | Gained mutation: You are partially covered in slimy green
                  | scales. (AC +2) [potion of mutation]
 58987 | Slime:1  | Gained mutation: Armour fits poorly on your strangely
                  | shaped body. [a shining eye]
 59878 | Slime:5  | Entered Level 5 of the Pits of Slime
 61321 | Slime:5  | Received a gift from Okawaru
 61482 | Slime:5  | Received a gift from Okawaru
 61708 | Slime:5  | Reached skill level 10 in Dodging
 61717 | Slime:5  | HP: 6/185 [acid (11)]
 62364 | Slime:5  | Noticed the Royal Jelly
 62373 | Slime:5  | HP: 6/185 [acid blob/splash of acid (7)]
 62373 | Slime:5  | Splashed by an acid blob's acid

Illustrated notes

Levels and vault maps discovered:
D:1:      dpeg_arrival_simpleton_a, layout_basic, due_unseen_surprise
D:2:      minmay_roachtagon, layout_basic, grunt_temple_overflow_open,
          chequers_ecumenical_altar_simple_redux, uniq_sigmund
D:3:      layout_rooms, minmay_misc_feat_cross, serial_park_tiny_1,
          kennysheep_generic_room_13, uniq_terence
D:4:      layout_cave_pools, kennysheep_mini, minmay_temple_entry_stoned_glass,
          serial_bayou, serial_bayou_pond_d, serial_bayou_pond_d,
          serial_bayou_pond_b, serial_bayou_ford_a, kennysheep_generic_room_16,
          uniq_robin
D:5:      layout_loops_ring, serial_shops, shop, uniq_eustachio, uniq_ijyb,
          uniq_crazy_yiuf_cottage
D:6:      layout_basic
D:7:      wander_guarded_unrand_ratskin, layout_basic, lemuel_doored_altar,
          enter_bailey_8
D:8:      layout_loops_ring, erik_lair_orcish_takeover, serial_shops,
          shop_scrolls, nicolae_shop_statue_plus, kennysheep_little_box,
          nicolae_shop_temple_entry_statues_fountains, grunt_decor_cap,
          worms_lemuel, uniq_joseph, uniq_pikel
D:9:      layout_rooms, orc_david_3, st_stairs_1, elyvilon_altar_5
D:10:     layout_roguey, item_on_display_a
D:11:     layout_irregular_city, serial_shops, nicolae_shop_stone,
          minmay_misc_feat_pillars, uniq_erica
D:12:     layout_big_octagon
D:13:     layout_loops_ring, erik_vaults_2, gammafunk_ghost_necromancy,
          minmay_strange_pillars, uniq_azrael
D:14:     layout_rooms, minmay_misc_feat_doors, special_room [special_room_bee],
          hangedman_decor_slide_cut, cheibriados_altar_1
D:15:     gammafunk_depths_entry_grave, layout_stronghold,
          serial_co_window_serial, co_window_corner_a, co_window_paths_a,
          co_window_cross_1, co_window_paths_b, co_window_of_opportunity_a,
          co_window_corner_b, co_window_paths_c, co_window_unsneaky_path_a,
          co_window_corner_b, co_window_2corner, co_window_cross_4,
          co_window_4corner_b, glass_columns_a, glass_columns_b,
          glass_columns_c, glass_columns_b, glass_columns_a
Lair:1:   layout_cave_pods
Lair:2:   layout_loops_ring, dummy_snake_entry, st_stairs_7, uniq_sonja
Lair:3:   layout_long_grid, grunt_megastairs_1, infiniplex_staircase_pool,
          uniq_nergalle
Lair:4:   onia_ninara_swampy_vault, layout_misc_corridors,
          minmay_swamp_entry_reptiles, minivault_25, minivault_25,
          lemuel_fruit_tree, lemuel_fruit_fields
Lair:5:   layout_gridlike, ebering_ghost_xom
Lair:6:   hangedman_lair_tendril_chambers, layout_concentric_octagons,
          guppyfry_lair_end_dragon, nicolae_slime_entry_slimehenge,
          serial_forest, infiniplex_forest_clump_small,
          infiniplex_forest_lined_2, infiniplex_forest_clump_diagonal,
          infiniplex_forest_lined_corner, infiniplex_forest_straight_1,
          infiniplex_forest_lined_2, infiniplex_forest_lined_room_2,
          wad_woods_01
Swamp:1:  layout_basic_swamp, hangedman_swamp_lotus,
          nicolae_swamp_trees_clearing, swamp_pool1
Swamp:2:  layout_basic_swamp, evilmike_swamp_ruin_house_5, uniq_louise
Swamp:3:  layout_falls_marsh, evilmike_swamp_ruin_rubble_2
Swamp:4:  swamp_basic_johnstein, layout_basic_swamp, swamp_pool2, uniq_roxanne
Snake:1:  layout_onion, serial_shops, shop, grunt_megastairs_3
Snake:2:  layout_rooms, uniq_asterion, uniq_jorgrun, uniq_aizul
Snake:3:  layout_chambers, uniq_mara
Snake:4:  grunt_snake_rune_spirals, layout_onion, uniq_saint_roka
Slime:1:  layout_caves
Slime:2:  layout_caves
Slime:3:  layout_caves
Slime:4:  layout_caves
Slime:5
Orc:1:    layout_diamond_mine, serial_shops, nicolae_shop_window_shopping,
          basic_altar, nicolae_orc_lost_temple
Orc:2:    st_orc_rangers, layout_diamond_mine, serial_shops, shop_fountains,
          minmay_shop_enchanted_jewellery, mines3_lemuel
Elf:1:    layout_loops_cross, minmay_elf_necromancy,
          chequers_hall_statues_wall_a
Elf:2:    layout_geoelf_octagon, serial_shops, shop_fountains

Skill      XL: |  1  2  3  4  5  6  7  8  9 10 11 12 13 14 15 16 17 18 19 |
---------------+----------------------------------------------------------+-----
Fighting       | 3 4 5 6 7 8 10 12 13 14 16 17 18 19 20 | 20.0
Bows           | 5 6 7 9 11 12 13 14 15 17 20 | 20.0
Invocations    | 4 6 |  6.0
Evocations     | 1 4 |  4.0
Armour         | 5 9 12 13 15 16 18 19 20 | 20.0
Long Blades    | 3 8 11 13 14 16 | 16.8
Dodging        | 5 10 | 10.2
Stealth        | |  0.7

Action                   |  1- 3 |  4- 6 |  7- 9 | 10-12 | 13-15 | 16-18 | 19-21 || total
-------------------------+-------+-------+-------+-------+-------+-------+-------++-------
Melee: Short sword       |   111 |    77 |    65 |       |       |       |       ||   253
       Headbutt          |    18 |    32 |    77 |   129 |   437 |   202 |    66 ||   961
       Falchion          |       |    63 |   100 |    97 |  1469 |   706 |   176 ||  2611
       Rapier            |       |       |   229 |   448 |       |       |       ||   677
       Great sword       |       |       |       |       |    64 |     8 |       ||    72
       Punch             |       |       |       |       |     2 |     5 |       ||     7
       Longbow           |       |       |       |       |       |       |     4 ||     4
 Fire: Shortbow          |    10 |    11 |    53 |    25 |       |       |       ||    99
       Longbow           |       |       |       |   152 |   264 |  1450 |   316 ||  2182
Invok: Finesse           |       |       |       |       |     6 |    11 |     3 ||    20
       Heroism           |       |       |       |       |     4 |     3 |       ||     7
 Abil: Evoke Ratskin     |       |       |     1 |     1 |     1 |       |       ||     3
Evoke: Wand              |       |       |     1 |       |     2 |     1 |       ||     4
       Tin of tremorston |       |       |       |       |       |     1 |       ||     1
       Phantom mirror    |       |       |       |       |       |     1 |       ||     1
  Use: Scroll            |       |       |       |    21 |    18 |    14 |     6 ||    59
       Potion            |       |       |       |       |     2 |     2 |     2 ||     6
 Stab: Distracted        |       |       |       |       |     2 |       |       ||     2
       Confused          |       |       |       |       |       |     1 |       ||     1
Armor: Chain mail        |    68 |   122 |   342 |   303 |       |       |       ||   835
       Leather armour    |     1 |       |       |       |       |       |       ||     1
       Plate armour      |       |       |       |   205 |   955 |   709 |   133 ||  2002
Dodge: Dodged            |    48 |    75 |   248 |   310 |   493 |   414 |   110 ||  1698
       Repelled          |       |       |       |       |       |    12 |       ||    12
       Rpst.: Falchion   |       |    10 |    19 |    10 |   100 |    44 |    16 ||   199
       Great sword       |       |       |       |       |     8 |     3 |       ||    11

Table legend: (Time is in decaauts)
 A = Elapsed time spent in this place.
 B = Non-inter-level travel time spent in this place.
 C = Inter-level travel time spent in this place.
 D = Time resting spent in this place.
 E = Time spent auto-exploring this place.
 F = Levels seen in this place.
 G = Mean time per level.
                   A        B        C        D        E       F      G
               +--------+--------+--------+--------+--------+-----+--------+
         Total |  61219 |  59017 |   2202 |  18386 |  30346 |  40 | 1530.5 |
       Dungeon |  22121 |  21190 |    931 |   5908 |  11359 |  15 | 1474.7 |
          Lair |  11174 |  10464 |    710 |   2958 |   5995 |   6 | 1862.3 |
         Swamp |   7738 |   7564 |    174 |   1950 |   4249 |   4 | 1934.5 |
     Snake Pit |  11182 |  10962 |    220 |   3849 |   5146 |   4 | 2795.5 |
    Slime Pits |   3849 |   3843 |      6 |   1963 |   1347 |   5 |  769.8 |
  Orcish Mines |   2218 |   2116 |    102 |    564 |   1115 |   2 | 1109.0 |
   Elven Halls |   2584 |   2527 |     57 |   1010 |   1063 |   2 | 1292.0 |
         Abyss |     95 |     95 |      0 |     20 |     43 |   1 |   95.0 |
        Bailey |    254 |    254 |      0 |    162 |     28 |   1 |  254.0 |
               +--------+--------+--------+--------+--------+-----+--------+

Top non-repeatable levels by time:
 Snake:4: 3926 daAuts
  Lair:6: 3161 daAuts
 Snake:3: 2809 daAuts
 Swamp:4: 2696 daAuts
 Snake:1: 2570 daAuts
  Lair:2: 2362 daAuts
     D:7: 2320 daAuts
 Swamp:3: 2165 daAuts
    D:11: 2083 daAuts
    D:15: 2050 daAuts
     D:8: 2025 daAuts
   Elf:1: 1969 daAuts
    D:14: 1968 daAuts
 Snake:2: 1876 daAuts
 Slime:4: 1847 daAuts
